 Dungeon Crawl Stone Soup version 0.31-a0-187-gba352fbbf7 (webtiles) character file.

Game seed: 14839018610010888389

12 qw the Shooter (level 2, -3/16 HPs)
             Began as a Deep Elf Hunter on June 22, 2023.
             Slain by a kobold
             ... wielding a +0 short sword
              (4 damage)
             ... on level 1 of the Dungeon.
             The game lasted 00:00:06 (116 turns).

qw the Shooter (Deep Elf Hunter)                     Turns: 116, Time: 00:00:06

Health: -3/16      AC:  3    Str:  8    XL:     2   Next: 20%
Magic:  4/4        EV:  9    Int: 13    God:
Gold:   9          SH:  0    Dex: 18    Spells: 1/1 levels left

rFire   . . .        a - +0 shortbow
rCold   . . .        (shield currently unavailable)
rNeg    . . .        c - +0 leather armour
rPois   .            (no helmet)
rElec   .            (no cloak)
rCorr   .            (no gloves)
SInv    .            (no boots)
Will    .....        (no amulet)
Stlth   ++           (no ring)
HPRegen 0.22/turn    (no ring)
MPRegen 0.09/turn

%: no passive effects
@: constricted
A: no striking features
a: no special abilities


You were on level 1 of the Dungeon.
You visited 1 branch of the dungeon, and saw 1 of its levels.

You collected 9 gold pieces.


   Skills:
 - Level 1.5 Fighting
 + Level 6.1 Ranged Weapons
 - Level 2.4 Dodging
 - Level 1.2 Stealth


You had one spell level left.
You didn't know any spells.
Your spell library was empty.

Inventory:

Hand Weapons
 a - a +0 shortbow (weapon)
Armour
 c - a +0 leather armour (worn)
Scrolls
 b - a scroll of butterflies
Potions
 d - a potion of mutation {unknown}

Dungeon Overview and Level Annotations

Branches:
Dungeon (1/15)

Altars:


Message History

The bat barely misses you. The bat hits you.
The kobold throws a stone.
The stone completely misses you. The bat hits you but does no damage.
The goblin misses you.
You shoot an arrow. The arrow hits the bat.
The bat is severely wounded.
The bat closely misses you. The ball python closely misses you. x2
The goblin hits you but does no damage.
You shoot an arrow. The arrow closely misses the bat.
The bat barely misses you. The ball python closely misses you.
The ball python misses you. The goblin barely misses you.
The ball python bites you but does no damage.
The ball python grabs you. The ball python constricts you.
You shoot an arrow.
The arrow closely misses the ball python.
The bat closely misses you. The goblin completely misses you.
The ball python bites you but does no damage.
The ball python constricts you.
The kobold throws a stone.
The stone barely misses you.
You shoot an arrow. The arrow hits the ball python.
The ball python is severely wounded.
The bat completely misses you.
The ball python bites you but does no damage.
The ball python constricts you. The goblin hits you but does no damage.
The hobgoblin closely misses you.
The kobold throws a stone.
The stone completely misses you.
The stone hits the bat.
The bat dies!
You shoot an arrow.
The arrow hits the ball python but does no damage.
The ball python is severely wounded.
The ball python bites you but does no damage.
The ball python constricts you. The goblin barely misses you.
The hobgoblin hits you.
The ball python bites you but does no damage.
The ball python constricts you.
You shoot an arrow.
The arrow hits the ball python but does no damage.
The ball python is severely wounded.
The goblin hits you with a +0 club. The hobgoblin hits you.
The kobold hits you with a +0 short sword.
You die...

.# #. ...........~# #.#
#. .##...........~ #.#
#. ..............# #.#
#. #.....)).....## #.##.
#.............## #.~.
#...............####~.~
##....Sgg.#...~.......~<
#.....K@###......####~.~
#......)....#. ##~ #.~.
#.........##..##~~ #.##.
##.....##..#.##~# #.# #.
#...... ##.#.#~# #.# ~#.
#...... #.#.~# #.# ~##.
........##....##.# #~#..
##...........#..# #~###.
##...##........##~##.#~


You could see a hobgoblin, a goblin, a ball python and a kobold.

Vanquished Creatures
  2 endoplasms (D:1)
  2 hobgoblins (D:1)
  A quokka (D:1)
  2 ball pythons (D:1)
  A bat (D:1)
  A goblin (D:1)
  2 kobolds (D:1)
11 creatures vanquished.

Vanquished Creatures (others)
  A bat (D:1)
1 creature vanquished.

Grand Total: 12 creatures vanquished

Notes
Turn   | Place    | Note
-------+----------+-------------------------------------------
     0 | D:1      | qw the Deep Elf Hunter began the quest for the Orb.
     0 | D:1      | Reached XP level 1. HP: 12/12 MP: 3/3
     0 | D:1      | 0 ||| qw: Version: 0.3-a-9-g12657ce
     0 | D:1      | 0 ||| qw: Game counter: 2255
     0 | D:1      | 0 ||| qw: Always use a shield: true
     0 | D:1      | 0 ||| qw: God list: Okawaru
     0 | D:1      | 0 ||| qw: Allow faded altars: false
     0 | D:1      | 0 ||| qw: Do Orc after D:15 true
     0 | D:1      | 0 ||| qw: Do second Lair branch before Depths: true
     0 | D:1      | 0 ||| qw: Lair rune preference: random
     0 | D:1      | 0 ||| qw: Plans: Normal
     0 | D:1      | 0 ||| PLANNING D:1-11
    88 | D:1      | Reached XP level 2. HP: 16/16 MP: 4/4
    90 | D:1      | Reached skill level 6 in Ranged Weapons
   115 | D:1      | HP: 4/16 [hobgoblin (1)]
   116 | D:1      | HP: 1/16 [hobgoblin (1)]
   116 | D:1      | Slain by a kobold

Levels and vault maps discovered:
D:1:      spicycebolla_arrival_xxxplode, layout_rooms

Skill      XL: |  1  2 |
---------------+-------+-----
Ranged Weapons | 6 |  6.1
Fighting       | |  1.5
Dodging        | |  2.4
Stealth        | |  1.2

Action                     || total
---------------------------++-------
   Fire: Shortbow          ||    34
 Armour: Leather armour    ||    16
  Dodge: Dodged            ||    20

Table legend:
 A = Non-vault XP
 B = Vault XP
 C = Vault XP percentage of total XP
 D = Non-vault monster count
 E = Vault monster count
 F = Vault count percentage of total count
                 A         B        C        D         E       F
            +---------+---------+-------+---------+---------+-------
      Total |      18 |       0 |   0.0 |      12 |       0 |   0.0
            +---------+---------+-------+---------+---------+-------
        D:1 |      18 |       0 |   0.0 |      12 |       0 |   0.0
            +---------+---------+-------+---------+---------+-------
